Map: Frostline LE

Players

Aurîk

  • Race: Zerg Zerg
  • League: Diamond
  • Spawn Location: 1:00

IIIIIIIIIIII - Winner!

  • Race: Terran Terran
  • League: Master
  • Spawn Location: 7:00

VOD

Have the link to the VOD?

Description

Time

  • Played on: Feb. 2, 2025, 4:18 p.m.
  • Length: 12:27
Show
View Real Time Build Order
Export as new Build Order

Aurîk Zerg 

Build Orders: Hatch First 

Get SALT Encoding   

  12  0:00  Drone  
  13  0:12  Overlord  
  13  0:17  Drone  
  14  0:31  Drone x2  
  17  0:35  Drone  
  17  0:51  Hatchery  
  17  0:53  Drone  
  17  0:56  Drone  
  18  1:07  Extractor  
  17  1:11  Spawning Pool  
  17  1:13  Drone  
  17  1:17  Drone  
  18  1:28  Drone  
  19  1:43  Drone  
  20  1:50  Overlord  
  20  1:57  Queen  
  22  2:03  Queen  
  22  2:05  Zergling x4  
  26  2:09  Metabolic Boost  
  26  2:18  Zergling x2  
  26  2:19  Drone  
  26  2:22  Drone  
  29  2:33  Queen  
  31  2:37  Drone  
  31  2:38  Drone x2  
  34  2:49  Overlord  
  34  2:52  Hatchery  
  34  2:53  Drone  
  34  2:58  Drone x2  
  36  3:06  Overlord  
  36  3:07  Zergling x4  
  38  3:19  Overlord  
  38  3:20  Drone  
  38  3:21  Drone x3  
  42  3:29  Drone  
  43  3:37  Extractor  
  43  3:39  Extractor  
  43  3:41  Drone  
  42  3:43  Drone x5  
  44  4:02  Drone x5  
  48  4:13  Drone  
  48  4:22  Evolution Chamber  
  48  4:23  Evolution Chamber, Drone  
  48  4:24  Drone x4  
  48  4:26  Lair  
  48  4:28  Drone  
  52  4:31  Queen  
  52  4:34  Drone  
  55  4:47  Overlord x2  
  55  4:48  Drone  
  55  4:49  Drone x8  
  55  4:52  Extractor  
  63  4:53  Extractor x2  
  61  5:02  Zerg Ground Armor Level 1  
  61  5:03  Zerg Melee Weapons Level 1  
  61  5:04  Zergling x2  
  61  5:05  Zergling x6  
  65  5:12  Drone  
  65  5:13  Drone x2  
  65  5:14  Drone  
  69  5:20  Overlord  
  69  5:21  Zergling x2  
  69  5:22  Zergling x8  
  69  5:26  Baneling Nest  
  69  5:27  Hydralisk Den  
  72  5:28  Infestation Pit  
  72  5:30  Drone  
  72  5:34  Drone  
  73  5:52  Drone x7  
  73  5:53  Drone  
  73  5:54  Drone  
  82  5:59  Grooved Spines  
  82  6:00  Hydralisk x4  
  82  6:03  Overlord x2  
  90  6:13  Hatchery  
  89  6:18  Drone  
  89  6:22  Hive  
  90  6:26  Overlord x2  
  90  6:27  Hydralisk x6  
  90  6:28  Hydralisk  
  104  6:35  Centrifugal Hooks  
  104  6:49  Muscular Augments  
  104  6:56  Zergling x2  
  104  6:57  Zergling x24  
  117  7:06  Overseer  
  117  7:09  Overseer  
  111  7:40  Ultralisk Cavern, Adrenal Glands  
  111  7:42  Zerg Ground Armor Level 2  
  110  7:46  Drone x8  
  110  7:47  Drone x2  
  110  7:49  Overlord x4  
  110  7:50  Overlord x2  
  120  7:52  Baneling  
  120  7:53  Baneling x8  
  120  7:55  Hydralisk x3  
  120  7:57  Zergling x2  
  127  7:59  Overlord x2  
  127  8:00  Overlord  
  127  8:07  Extractor  
  127  8:09  Queen  
  127  8:11  Extractor  
  127  8:26  Chitinous Plating  
  127  8:29  Ultralisk x2  
  127  8:34  Zergling x16  
  140  8:35  Zergling x12  
  130  8:49  Zergling x10  
  112  8:57  Zergling x10  
  112  8:58  Zergling x2  
  102  9:13  Ultralisk  
  102  9:15  Zergling x2  
  102  9:16  Zergling x12  
  104  9:27  Zergling x10  
  104  9:31  Zergling x2  
  103  9:45  Anabolic Synthesis  
  90  9:49  Ultralisk  
  90  9:50  Ultralisk x4  
  90  9:52  Zergling x10  
  115  10:02  Hatchery  
  115  10:06  Hydralisk x9  
  119  10:14  Baneling x6  
  125  10:17  Zergling x6  
  103  10:36  Hydralisk  
  103  10:37  Hydralisk x7  
  117  10:43  Zergling x2  
  117  10:44  Zergling x6  
  103  10:51  Zergling x2  
  103  10:52  Zergling x2  
  105  11:00  Zergling x2  
  105  11:01  Zergling x8  
  58  11:20  Zergling x2  
  58  11:21  Zergling x10  
  54  11:32  Ultralisk  
  54  11:35  Hydralisk x3  
  58  11:46  Zergling x6  
  59  11:48  Baneling  
  59  11:49  Baneling x7  
  59  11:55  Drone x3  
Show
View Real Time Build Order
Export as new Build Order

IIIIIIIIIIII Terran - Winner!

Build Orders:  

Get SALT Encoding   

  12  0:00  SCV  
  13  0:12  SCV  
  14  0:17  Supply Depot  
  14  0:27  SCV  
  15  0:39  SCV  
  15  0:40  Barracks  
  16  0:45  Refinery  
  16  0:51  SCV  
  17  1:03  SCV  
  18  1:15  SCV  
  19  1:27  Orbital Command  
  19  1:28  Marine  
  20  1:38  Command Center  
  20  1:47  Supply Depot  
  20  1:49  Barracks Tech Lab  
  20  1:54  SCV  
  21  2:06  SCV  
  22  2:09  Marauder  
  22  2:13  Factory  
  24  2:19  SCV  
  25  2:34  Marauder  
  25  2:36  Bunker  
  27  2:40  SCV  
  28  2:50  Orbital Command  
  28  3:00  SCV  
  28  3:04  Cyclone  
  32  3:09  Command Center  
  32  3:12  SCV  
  33  3:14  Marine  
  33  3:17  SCV  
  35  3:24  SCV  
  36  3:29  SCV  
  36  3:32  Refinery  
  38  3:35  Refinery  
  38  3:36  SCV  
  38  3:37  Refinery  
  39  3:42  SCV, Cyclone  
  39  3:56  SCV x2  
  39  4:02  Barracks Reactor  
  39  4:08  SCV  
  39  4:14  SCV  
  40  4:20  SCV  
  40  4:22  Hellion, Factory  
  44  4:26  SCV  
  44  4:27  Orbital Command  
  44  4:33  SCV  
  45  4:38  SCV  
  45  4:45  Mag-Field Accelerator  
  46  4:47  SCV  
  46  4:48  Cyclone  
  46  4:49  Barracks Tech Lab  
  46  4:51  SCV  
  51  4:53  SCV  
  51  4:59  SCV  
  53  5:01  Supply Depot  
  53  5:02  Supply Depot  
  53  5:03  SCV  
  54  5:10  Factory  
  54  5:13  Hellion x2  
  58  5:17  SCV x2  
  58  5:18  SCV  
  61  5:23  Cyclone  
  64  5:29  SCV x2  
  64  5:30  SCV  
  64  5:34  Armory  
  67  5:36  Hellion  
  67  5:37  Hellion, Factory  
  67  5:41  SCV x2  
  67  5:42  SCV  
  72  5:53  SCV x2  
  72  5:54  SCV  
  72  5:55  Barracks Reactor  
  75  5:58  Hellion  
  75  6:03  Cyclone x2, Hellion  
  85  6:05  Supply Depot  
  85  6:06  Supply Depot  
  85  6:14  Orbital Command  
  85  6:15  Infernal Pre-Igniter  
  85  6:27  SCV x2  
  85  6:30  Factory  
  87  6:33  Factory  
  87  6:35  Cyclone  
  87  6:38  Hellion x2  
  87  6:39  SCV x2  
  96  6:40  SCV  
  96  6:43  Supply Depot  
  96  6:45  Supply Depot  
  97  6:48  Refinery  
  97  6:50  Refinery  
  97  6:51  SCV  
  97  6:52  SCV x2  
  100  7:03  SCV  
  100  7:05  Hellion x2  
  100  7:06  Supply Depot  
  105  7:11  Supply Depot  
  105  7:15  SCV x3  
  106  7:16  Cyclone x2  
  106  7:18  Terran Vehicle And Ship Armor Level 1  
  106  7:20  Supply Depot  
  113  7:27  SCV  
  113  7:31  Supply Depot  
  113  7:37  Factory Tech Lab x2  
  113  7:39  Hellion x3  
  113  7:40  Hellion  
  113  7:42  Armory  
  121  7:48  Command Center, Cyclone  
  124  7:51  Engineering Bay  
  124  7:55  Cyclone  
  127  8:01  SCV x2  
  127  8:02  SCV  
  127  8:03  Cyclone x2, Hellion  
  127  8:04  Hellion x2  
  142  8:06  Hellion  
  144  8:17  SCV x3  
  144  8:18  Supply Depot x2  
  147  8:20  Cyclone  
  150  8:35  Cyclone  
  150  8:36  Hellion x2  
  150  8:39  Cyclone x2, Hellion  
  163  8:46  Hellion  
  141  8:53  Cyclone  
  141  8:54  Terran Vehicle Weapons Level 1  
  134  8:57  Hellion  
  122  9:04  Hellion x2  
  122  9:05  SCV  
  122  9:07  Hellion, Cyclone  
  129  9:11  Cyclone, Factory  
  129  9:13  Factory x2  
  113  9:25  Cyclone  
  113  9:26  Cyclone, Hellion x3  
  113  9:28  Hellion  
  127  9:34  SCV x3  
  130  9:39  Cyclone  
  130  9:43  Cyclone  
  129  9:46  SCV x2  
  129  9:48  Hellion x2  
  135  9:58  Cyclone x2  
  135  9:59  Hellion x2  
  145  10:03  Planetary Fortress  
  139  10:11  Cyclone, Hellion  
  139  10:12  Hellion  
  144  10:15  Cyclone  
  144  10:16  Refinery  
  144  10:18  Refinery  
  147  10:29  Supply Depot, Hellion x2  
  147  10:30  Cyclone x2  
  147  10:33  Hellion  
  151  10:42  Hellion  
  139  10:43  Cyclone  
  139  10:49  Hellion  
  144  10:50  Hellion  
  146  11:01  Hellion x2  
  146  11:02  Cyclone x2  
  156  11:10  Cyclone  
  147  11:12  Hellion x2  
  147  11:16  Cyclone  
  147  11:17  SCV  
  147  11:18  SCV  
  136  11:22  Hellion  
  136  11:34  Cyclone x2  
  136  11:35  Hellion x2  
  146  11:42  Cyclone  
  149  11:48  Cyclone  
  152  11:56  Hellion  
  152  11:57  Hellion x2  
  166  12:12  Factory Tech Lab x3  
  166  12:14  Factory  
  169  12:21  Factory  
Tags
 
Matchup
TvZ
Spawn Locations
Cross Positions
Add a new tag
Caveats
  • Supply blocks, unpowered buildings, or Contaminate may cause inaccurate times.
  • Supply counts are checked every 10 seconds.